 Dungeon Crawl Stone Soup version 0.29.1-15-g9cfb28693d (webtiles) character file.

Game seed: 428295725860070595

308 Mickster the Slasher (level 6, -2/36 (46) HPs)
             Began as a Draconian Wanderer on Mar 13, 2023.
             Was an Initiate of Qazlal.
             Slain by a wight
             ... wielding a +0 flail
              (3 damage)
             ... on level 7 of the Dungeon.
             The game lasted 00:41:04 (2893 turns).

Mickster the Slasher (Draconian Wanderer)           Turns: 2893, Time: 00:41:05

HP:   -2/36 (46)    AC: 15    Str: 14    XL:     6   Next: 16%
MP:   8/8           EV: 11    Int: 12    God:    Qazlal [......]
Gold: 203           SH:  0    Dex: 13    Spells: 5/8 levels left

rFire   . . .      SeeInvis .   v - +1 great sword (elec)
rCold   . . .      Faith    .   (shield currently unavailable)
rNeg    . . .      Spirit   .   (body armour unavailable)
rPois   .          Reflect  .   (helmet restricted)
rElec   .          Harm     .   r - +2 cloak
rCorr   .          Rampage  .   o - +1 pair of gloves
Will    .....                   (no boots)
Stlth   +.........              (no amulet)
HPRegen 0.12/turn               f - ring of wizardry
MPRegen 0.11/turn               g - +4 ring of protection

@: on berserk cooldown, heavily drained
A: AC +6, unfitting armour, cold-blooded
a: Renounce Religion


You were on level 7 of the Dungeon.
You worshipped Qazlal.
Qazlal was noncommittal.
You visited 1 branch of the dungeon, and saw 6 of its levels.

You collected 203 gold pieces.

Inventory:

Hand Weapons
 a - a +2 falchion
 h - a +0 whip
 i - a +0 rapier
 k - a +2 dagger of protection
 v - a +1 great sword of electrocution (weapon)
Missiles
 d - 3 javelins (quivered)
 e - 37 stones
Armour
 o - a +1 pair of gloves (worn)
 r - a +2 cloak (worn)
 w - a +0 scale mail
 x - a +0 plate armour
Jewellery
 f - a ring of wizardry (left hand)
 g - a +4 ring of protection (right hand)
 l - a ring of ice
 t - a ring of positive energy
 y - an amulet of guardian spirit
Wands
 b - a wand of flame (4)
 s - a wand of light (3)
Scrolls
 m - 4 scrolls of identify
 u - a scroll of fear
Potions
 c - 6 potions of curing
 j - 2 potions of lignification
 n - 2 potions of brilliance
 p - 2 potions of magic
 z - a potion of invisibility {unknown}


   Skills:
 + Level 0.6 Fighting
 - Level 1.4(3.4) Short Blades
 * Level 4.8(5.0) Long Blades
 * Level 1.4 Throwing
 + Level 0.4 Dodging
 + Level 0.2 Stealth
 * Level 1.9 Spellcasting
 * Level 2.0 Conjurations
 * Level 1.3 Necromancy
 * Level 2.6 Air Magic
 * Level 1.1 Invocations
 * Level 3.6 Evocations


You had 5 spell levels left.
You knew the following spells:

 Your Spells              Type           Power      Damage    Failure   Level
a - Shock                 Conj/Air       24%        1d4       4%          1
b - Sublimation of Blood  Necr           4%         N/A       10%         2

Your spell library contained the following spells:

 Spells                   Type           Power      Damage    Failure   Level
 Swiftness                Air            7%         N/A       12%         3
 Leda's Liquefaction      Hex/Erth       0%         N/A       69%         4
 Yara's Violent Unravell  Hex/Tmut       0%         3d3       95%         5


Dungeon Overview and Level Annotations

Branches:
Dungeon (5/15)
 Temple: D:4-7

Altars:
Qazlal

Shops:
D:1 !

Annotations:
D:5 Eustachio


Innate Abilities, Weirdness & Mutations

Your plain brown scales are hard. (AC +6)
You cannot fit into any form of body armour.
You are cold-blooded and may be slowed by cold attacks.


Message History

You hear the slow hiss of a distant avalanche of sand.
The wight hits you but does no damage. The wight hits you with a +0 flail!
You closely miss the wight.
You tail-slap the wight, but do no damage.
The wight is almost destroyed.
The wight hits you with a +3 great sword.
You feel drained. The wight hits you with a +5 dagger.
The wight hits you with a +0 flail!
You barely miss the wight.
Your tail-slap misses the wight.
The wight is almost destroyed.
A wight comes into view. It is wielding a +0 scimitar.
The wight closely misses you. The wight hits you with a +5 dagger!
* * * LOW HITPOINT WARNING * * *
You feel drained.
* * * LOW HITPOINT WARNING * * *
The wight hits you but does no damage.
You feel much better. The wight barely misses you.
The wight hits you with a +0 flail.
You feel drained. The wight closely misses you.
You barely miss the wight.
The wight is almost destroyed.
The wight barely misses you. The wight closely misses you.
The wight hits you but does no damage. The wight hits you with a +5 dagger.
The wight hits you with a +0 flail. The wight closely misses you.
You barely miss the wight.
The wight is almost destroyed.
The wight hits you with a +0 flail.
You feel drained.
You hit the wight but do no damage.
Your tail-slap misses the wight.
The wight is almost destroyed.
The wight hits you with a +0 flail.
You feel drained.
The wight hits you with a +3 great sword.
* * * LOW HITPOINT WARNING * * *
The wight hits you with a +5 dagger.
* * * LOW HITPOINT WARNING * * *
You feel drained. The wight hits you with a +5 dagger!
* * * LOW HITPOINT WARNING * * *
You feel drained.
* * * LOW HITPOINT WARNING * * *
The wight hits you with a +0 flail.
You die...

##.)# #...#
##...########
#....##.....##
#............#
##............#
#.............##
..#...zz.........#
......z@.........#
.......z.........#
....#.............#
... #.......>....##
....#....†......##
# #............##
##..........##
##........##
###....###


You could see 4 wights.

Vanquished Creatures
  An ogre (D:4)
  A necrophage (D:4)
  Jessica (D:3)
  An iguana (D:7)
  3 adders
  2 worms
  2 orcs (D:4)
  7 endoplasms
  2 giant cockroaches
  6 goblins
  6 hobgoblins
  9 jackals
  9 kobolds
  3 quokkas
  5 ball pythons
  6 bats
  4 frilled lizards
  6 rats
74 creatures vanquished.

Notes
Turn   | Place    | Note
-------+----------+-------------------------------------------
     0 | D:1      | Mickster the Draconian Wanderer began the quest for the
                  | Orb.
     0 | D:1      | Mickster set off with the following items: a +2 falchion, a
                  | wand of flame (4), a potion of curing; and the following
                  | spell memorised: Shock; and the following spells available
                  | to memorise: Swiftness.
     0 | D:1      | Reached XP level 1. HP: 14/14 MP: 2/2
   127 | D:1      | Reached XP level 2. HP: 11/20 MP: 3/3
   207 | D:1      | Got the Verses on Fetching Diablerie
   211 | D:1      | Learned a level 2 spell: Sublimation of Blood
   491 | D:1      | Found Qapygu's Distillery.
   790 | D:2      | Reached XP level 3. HP: 25/26 MP: 4/4
   923 | D:2      | Found a stormy altar of Qazlal.
  1181 | D:2      | Became a worshipper of Qazlal Stormbringer
  1244 | D:2      | Reached skill level 1 in Short Blades
  1455 | D:2      | Found a faded altar of an unknown god.
  1731 | D:3      | Reached XP level 4. HP: 33/33 MP: 5/5
  1917 | D:3      | Reached skill level 1 in Necromancy
  2185 | D:3      | Noticed Jessica
  2198 | D:3      | Killed Jessica
  2199 | D:3      | Reached skill level 1 in Conjurations
  2340 | D:4      | Identified a scroll of acquirement
  2340 | D:4      | Acquired a +1 great sword of electrocution
  2387 | D:4      | Noticed an ogre
  2415 | D:4      | Killed an ogre
  2416 | D:4      | Reached skill level 1 in Throwing
  2416 | D:4      | Reached XP level 5. HP: 25/39 MP: 7/7
  2571 | D:4      | Reached skill level 1 in Invocations
  2591 | D:4      | Reached XP level 6. HP: 40/46 MP: 6/8
  2848 | D:5      | Entered Level 5 of the Dungeon
  2848 | D:5      | Noticed Eustachio
  2848 | D:5      | You fall into a shaft and drop 2 floors!
  2893 | D:7      | HP: 1/36 [wight/+5 dagger (1)]
  2893 | D:7      | Slain by a wight

Illustrated notes

Levels and vault maps discovered:
D:1:      dpeg_arrival_more_subterranean_lakeside_camping, layout_basic,
          serial_shops, shop
D:2:      layout_basic, basic_altar, hellmonk_ecumenical_altar_heavens_door,
          amcnicky_mini_rare_corridor_liquid, grunt_ministairs_8,
          uniq_crazy_yiuf_cottage
D:3:      layout_basic, uniq_jessica
D:4:      layout_basic
D:5:      layout_rooms, biasface_ghost_orc_armoury, hellmonk_bongcloud_opening,
          uniq_edmund, uniq_menkaure, uniq_eustachio, uniq_pikel
D:7:      layout_cave_pods, enter_ossuary_5, david_defended_altar_orc

Skill      XL: |  1  2  3  4  5 |
---------------+----------------+-----
Short Blades   | 1 |  1.4
Necromancy     | 1 |  1.3
Conjurations   | 1 2 |  2.0
Throwing       | 1 |  1.4
Invocations    | 1 |  1.1
Fighting       | |  0.6
Long Blades    | |  4.8
Dodging        | |  0.4
Stealth        | |  0.2
Spellcasting   | |  1.9
Air Magic      | |  2.6
Evocations     | |  3.6

Action                   |  1- 3 |  4- 6 || total
-------------------------+-------+-------++-------
Melee: Falchion          |    37 |       ||    37
       Tailslap          |    18 |    12 ||    30
       Dagger            |   107 |    44 ||   151
       Great sword       |       |    48 ||    48
       Punch             |       |     2 ||     2
 Cast: Shock             |     6 |     3 ||     9
  Use: Scroll            |     5 |     3 ||     8
       Potion            |     5 |     3 ||     8
Armor: Skin              |    71 |    45 ||   116
Dodge: Dodged            |    78 |    61 ||   139
